Map: Mothership LE

Players

Clem

  • Race: Terran Terran

Reynor - Winner!

  • Race: Zerg Zerg

VOD

Have the link to the VOD?

Description

Time

  • Played on: Jan. 18, 2026, 12:55 a.m.
  • Length: 36:45
Show
View Real Time Build Order
Export as new Build Order

Clem Terran 

Build Orders: Reaper Expand, Hellion Banshee 

Get SALT Encoding   

  12  0:00  SCV  
  13  0:12  SCV  
  14  0:17  Supply Depot  
  14  0:24  SCV  
  15  0:38  SCV  
  15  0:39  Barracks  
  16  0:44  Refinery  
  16  0:51  SCV  
  17  1:03  SCV  
  18  1:15  SCV  
  19  1:26  Reaper  
  19  1:27  Orbital Command  
  20  1:40  Command Center  
  20  1:48  Supply Depot  
  20  1:53  SCV  
  21  1:58  Marine  
  22  2:05  SCV  
  23  2:12  Factory  
  23  2:17  SCV  
  23  2:21  Barracks Reactor  
  24  2:29  SCV  
  25  2:40  Command Center  
  25  2:41  SCV  
  25  2:51  Orbital Command  
  26  2:55  SCV  
  27  2:59  Starport  
  27  3:05  Refinery  
  27  3:08  SCV  
  27  3:12  Hellion  
  30  3:16  Hellion  
  30  3:19  SCV  
  33  3:22  SCV  
  33  3:23  Barracks Tech Lab  
  34  3:31  SCV  
  34  3:33  Hellion  
  34  3:34  SCV  
  38  3:37  Hellion  
  40  3:43  SCV  
  40  3:44  Banshee  
  40  3:46  SCV  
  45  3:53  Orbital Command  
  45  3:58  SCV  
  45  4:01  SCV  
  47  4:04  Hellion x2  
  47  4:09  Cloaking Field, Barracks Tech Lab  
  49  4:10  SCV  
  49  4:13  SCV  
  49  4:16  Supply Depot  
  48  4:19  SCV  
  48  4:22  SCV  
  50  4:26  Barracks  
  50  4:27  SCV  
  50  4:28  Barracks  
  50  4:30  Banshee  
  54  4:33  SCV  
  54  4:35  Factory Reactor, Marine  
  54  4:36  SCV  
  57  4:39  SCV  
  57  4:40  Refinery  
  57  4:44  Supply Depot  
  58  4:47  Refinery  
  58  4:49  Stimpack  
  58  4:50  SCV x2  
  58  4:51  SCV  
  61  4:58  Engineering Bay x2  
  61  4:59  Orbital Command  
  61  5:00  Marine  
  61  5:03  SCV  
  61  5:04  SCV  
  64  5:07  Supply Depot  
  64  5:11  Barracks  
  64  5:12  Barracks  
  64  5:15  SCV  
  64  5:17  SCV  
  66  5:22  Marine x2  
  66  5:24  Factory Reactor, Marine  
  66  5:28  Terran Infantry Armor Level 1, Terran Infantry Weapons Level 1, SCV  
  70  5:30  Supply Depot  
  70  5:32  Marine  
  70  5:33  SCV  
  70  5:35  SCV  
  73  5:36  Starport Reactor  
  73  5:41  Marine  
  73  5:42  SCV  
  75  5:43  Marine x2  
  75  5:45  Marine  
  75  5:46  Supply Depot, SCV  
  75  5:48  SCV  
  80  5:50  Marine  
  80  5:54  SCV  
  82  5:58  SCV  
  82  5:59  Marine  
  82  6:00  SCV  
  82  6:01  Barracks Reactor x2  
  82  6:03  Supply Depot, Marine x2  
  87  6:04  Marine  
  87  6:06  SCV  
  87  6:08  Widow Mine  
  87  6:09  Widow Mine  
  87  6:10  SCV  
  94  6:12  Marine  
  94  6:13  SCV  
  94  6:16  Medivac x2  
  100  6:20  Marine, SCV  
  100  6:22  SCV, Marine  
  100  6:24  Marine x2  
  100  6:25  SCV  
  101  6:29  Marine  
  101  6:32  Widow Mine x2, SCV  
  107  6:34  Refinery  
  107  6:36  Supply Depot  
  107  6:37  Factory  
  107  6:38  Marine x2  
  109  6:42  Armory  
  109  6:46  Supply Depot  
  109  6:56  Supply Depot  
  109  6:57  Supply Depot, Marine x6, Medivac  
  117  7:02  Sensor Tower  
  117  7:03  Combat Shield  
  117  7:07  Marine x2, Medivac  
  117  7:08  Widow Mine  
  124  7:15  Supply Depot, Marine x3  
  121  7:17  Command Center  
  121  7:20  Marine  
  124  7:23  Marine  
  124  7:24  Widow Mine  
  124  7:27  Marine, Medivac  
  124  7:28  Marine x2  
  129  7:30  Terran Infantry Weapons Level 2  
  129  7:34  Terran Infantry Armor Level 2, Marine  
  127  7:37  Marine  
  127  7:39  Widow Mine, Marine x2  
  127  7:42  Marine  
  129  7:44  Marine  
  129  7:45  Supply Depot  
  129  7:47  Widow Mine  
  129  7:48  Marine x2  
  129  7:50  Drilling Claws  
  134  7:52  Marine, Widow Mine  
  134  7:54  Marine  
  134  7:55  Marine  
  139  8:00  Supply Depot  
  139  8:01  Medivac x2, Supply Depot  
  139  8:03  Marine x2  
  139  8:04  Marine  
  146  8:06  Marine x3  
  146  8:10  Marine  
  150  8:13  Widow Mine x2  
  150  8:14  Marine  
  150  8:16  Supply Depot, Marine  
  156  8:21  Marine x2, Widow Mine  
  156  8:25  Marine x2  
  154  8:33  Marauder  
  152  8:35  Barracks  
  152  8:36  Barracks x2  
  152  8:39  Marine x4, Widow Mine  
  158  8:47  Medivac  
  157  8:49  Marine x2  
  157  8:50  Widow Mine  
  157  8:51  Marine x2  
  157  8:52  Widow Mine  
  157  8:54  SCV  
  157  8:55  Marauder  
  168  8:56  Refinery  
  168  8:57  Liberator  
  168  9:01  Widow Mine, Marine x2  
  168  9:02  Marine, SCV  
  162  9:03  Marine  
  162  9:09  Marine  
  143  9:10  Marine  
  143  9:11  Marine x2, Widow Mine  
  143  9:14  Widow Mine  
  143  9:15  Marine  
  151  9:17  Planetary Fortress  
  151  9:19  Marine  
  151  9:21  SCV  
  151  9:23  Ghost Academy, Barracks Tech Lab  
  153  9:25  SCV  
  153  9:28  Barracks Tech Lab x2  
  153  9:31  Medivac  
  156  9:33  Marine  
  156  9:34  Marine, Widow Mine  
  156  9:37  Widow Mine  
  156  9:38  Marine x2  
  163  9:39  Marine  
  163  9:43  SCV  
  163  9:44  SCV  
  163  9:50  Marine x2  
  163  9:51  Widow Mine, Marine  
  163  9:52  Marine x2, Ghost  
  152  9:56  Ghost  
  152  9:59  Ghost  
  153  10:04  Widow Mine, Marine  
  153  10:05  Ghost  
  151  10:09  Marine x2, Widow Mine  
  151  10:13  Marine  
  151  10:14  Marine x2  
  148  10:17  SCV  
  151  10:21  Terran Infantry Weapons Level 3  
  151  10:22  Terran Infantry Armor Level 3  
  151  10:24  Marine  
  152  10:29  Ghost  
  149  10:38  Widow Mine  
  149  10:39  Ghost  
  149  10:40  Marine x2  
  149  10:41  Ghost x2  
  140  10:43  Marine  
  140  10:44  Widow Mine  
  140  10:45  Marine  
  140  10:48  Widow Mine  
  140  10:49  Marine  
  137  10:50  Marine  
  137  10:53  Marine  
  137  10:55  Marine  
  132  10:58  Ghost, Marine x2  
  132  11:01  SCV, Marine  
  132  11:03  Marine  
  139  11:08  Marine x2, Ghost, Widow Mine x2  
  139  11:09  SCV  
  139  11:10  SCV  
  139  11:11  Ghost, Marine  
  143  11:13  Marine  
  143  11:14  Marine  
  143  11:16  Marine  
  149  11:19  Marine  
  149  11:23  Sensor Tower  
  149  11:25  Marine x2  
  152  11:27  Marauder  
  152  11:28  Marine  
  152  11:30  Widow Mine x2  
  152  11:31  Widow Mine  
  163  11:33  Marauder  
  163  11:35  Command Center  
  163  11:39  Refinery  
  163  11:44  Marine x2  
  163  11:45  Marine  
  166  11:49  Marauder, Medivac x2  
  166  11:51  Widow Mine x2  
  166  11:52  Marauder  
  172  11:55  Marine  
  172  11:57  Marine  
  172  11:59  Marine x2, Widow Mine  
  177  12:02  Marine  
  178  12:09  Marine x2  
  178  12:11  Ghost  
  178  12:12  Widow Mine  
  178  12:14  Marine  
  183  12:18  Ghost  
  183  12:19  Medivac x2  
  183  12:22  Ghost, Missile Turret  
  189  12:30  Ghost  
  189  12:33  Widow Mine  
  185  12:42  Ghost  
  185  12:43  Marine x6  
  193  12:45  Refinery  
  193  12:46  Command Center  
  193  12:47  Widow Mine, Marine x2  
  193  12:48  Marine  
  198  12:55  Medivac  
  198  12:56  Widow Mine, Marine  
  196  13:05  Orbital Command, Widow Mine  
  198  13:12  Sensor Tower  
  193  13:18  Widow Mine, Marine  
  178  13:20  Marine  
  178  13:22  Marine x2, Missile Turret  
  178  13:23  Marine x2  
  178  13:24  Marine x2  
  178  13:25  Marine, Marauder x2  
  181  13:30  Marauder  
  181  13:33  SCV  
  172  13:36  Widow Mine  
  172  13:40  Widow Mine  
  161  13:43  Marauder  
  161  13:48  Marine  
  156  14:03  Marauder  
  156  14:04  Widow Mine  
  156  14:06  Medivac, Marine  
  156  14:09  Marine  
  155  14:10  Widow Mine  
  155  14:16  Marine x2, Widow Mine  
  148  14:19  Marine x2  
  148  14:20  Medivac  
  148  14:22  Marine  
  148  14:23  Marine  
  154  14:25  Widow Mine  
  154  14:41  Widow Mine  
  154  14:44  Marine, Ghost  
  154  14:48  Widow Mine, Marine  
  145  14:56  Missile Turret  
  143  15:01  Command Center  
  143  15:03  Missile Turret  
  143  15:14  Supply Depot  
  143  15:15  Supply Depot  
  143  15:35  Marine x4, Medivac  
  141  15:36  Widow Mine, Marine  
  141  15:37  Widow Mine x2, Marauder  
  141  15:38  Marauder  
  141  15:40  Ghost  
  151  15:52  Supply Depot  
  151  15:53  Supply Depot  
  144  16:13  Widow Mine, Marauder  
  122  16:26  Marine  
  122  16:27  Marine  
Show
View Real Time Build Order
Export as new Build Order

Reynor Zerg - Winner!

Build Orders: Hatch First, Lurkers 

Get SALT Encoding   

  12  0:00  Drone  
  13  0:08  Drone  
  14  0:15  Extractor, Drone  
  15  0:22  Overlord  
  15  0:41  Drone  
  16  0:46  Hatchery  
  15  0:50  Drone  
  15  0:53  Drone  
  17  0:57  Drone  
  18  1:07  Extractor  
  17  1:12  Spawning Pool  
  17  1:16  Drone  
  17  1:19  Drone  
  18  1:26  Drone  
  19  1:36  Drone  
  20  1:47  Drone  
  21  1:59  Queen x2  
  21  2:00  Zergling x2  
  21  2:01  Zergling x2  
  27  2:15  Hatchery  
  26  2:20  Overlord  
  26  2:24  Drone  
  26  2:29  Drone  
  28  2:35  Drone  
  28  2:39  Drone x2  
  30  2:44  Queen  
  32  2:51  Metabolic Boost  
  32  2:54  Drone  
  32  2:55  Drone  
  34  2:59  Overlord  
  34  3:02  Drone  
  34  3:04  Drone  
  36  3:10  Overlord  
  36  3:17  Queen  
  36  3:18  Drone  
  39  3:20  Drone  
  39  3:24  Drone x2  
  39  3:25  Drone  
  43  3:31  Queen  
  45  3:36  Drone x2  
  45  3:39  Drone x2  
  49  3:45  Queen  
  51  3:49  Drone x2  
  51  3:51  Drone  
  51  3:55  Zergling x2, Overlord  
  55  4:00  Evolution Chamber  
  55  4:02  Drone  
  56  4:06  Drone x2  
  56  4:07  Drone  
  56  4:09  Drone  
  55  4:13  Drone x2  
  55  4:14  Drone  
  58  4:17  Drone  
  58  4:22  Drone x2  
  61  4:28  Overlord  
  61  4:31  Queen  
  63  4:32  Drone  
  63  4:33  Drone  
  65  4:39  Drone  
  65  4:40  Overlord  
  65  4:43  Spore Crawler, Drone  
  66  4:48  Drone x3, Lair  
  66  4:50  Drone  
  70  4:55  Spore Crawler  
  70  4:58  Queen  
  70  4:59  Drone x2  
  72  5:03  Drone  
  72  5:04  Drone, Spore Crawler  
  72  5:05  Zergling x2  
  72  5:06  Drone  
  72  5:07  Drone  
  76  5:11  Overlord  
  76  5:12  Drone x2  
  78  5:16  Zergling x4  
  78  5:20  Spore Crawler  
  79  5:21  Drone x2  
  79  5:22  Overlord  
  79  5:27  Hatchery, Drone  
  81  5:29  Overlord  
  81  5:30  Drone  
  81  5:33  Drone x2  
  81  5:34  Drone  
  81  5:35  Drone  
  86  5:37  Drone x2  
  86  5:38  Extractor  
  86  5:40  Overlord  
  86  5:41  Drone  
  86  5:42  Drone  
  89  5:48  Spore Crawler, Drone  
  89  5:49  Drone x2, Overseer  
  91  5:52  Evolution Chamber  
  91  5:54  Queen  
  91  5:55  Drone  
  91  5:58  Drone x2  
  91  6:02  Extractor  
  91  6:03  Extractor  
  91  6:05  Evolution Chamber  
  91  6:08  Drone x2  
  91  6:09  Zergling x10, Extractor  
  91  6:10  Zergling x2  
  97  6:14  Overlord  
  97  6:19  Drone x2  
  97  6:22  Drone  
  97  6:23  Zerg Missile Weapons Level 1  
  97  6:28  Extractor  
  97  6:30  Hydralisk Den, Drone x2  
  97  6:32  Drone  
  93  6:37  Overlord  
  93  6:38  Queen  
  93  6:39  Drone  
  98  6:40  Drone x5  
  98  6:41  Drone x2  
  98  6:42  Drone  
  98  6:44  Zergling x2  
  98  6:45  Zerg Ground Armor Level 1  
  105  6:48  Spore Crawler  
  105  6:49  Spore Crawler, Zergling x2  
  105  6:50  Zergling x2  
  105  6:52  Zergling x2  
  105  6:53  Zergling x2  
  107  6:58  Queen  
  107  6:59  Hydralisk  
  107  7:00  Grooved Spines  
  107  7:01  Hydralisk  
  111  7:03  Hydralisk x2  
  111  7:06  Overlord  
  111  7:07  Hydralisk  
  120  7:08  Zergling x2  
  120  7:13  Hydralisk x2  
  120  7:14  Zergling x6  
  127  7:16  Overlord  
  127  7:18  Overlord  
  127  7:21  Queen  
  128  7:28  Overlord  
  124  7:34  Overseer  
  124  7:35  Hydralisk x3  
  124  7:36  Zergling x10  
  132  7:37  Drone x2  
  132  7:38  Overseer  
  132  7:42  Drone x4  
  132  7:43  Drone  
  139  7:46  Hydralisk x2, Infestation Pit  
  142  7:53  Drone x2  
  142  7:55  Hydralisk x3  
  148  8:01  Zergling x6  
  151  8:06  Zergling x2  
  151  8:08  Overlord x4  
  151  8:09  Muscular Augments  
  152  8:21  Zerg Missile Weapons Level 2  
  152  8:22  Hydralisk x2  
  151  8:27  Hive  
  151  8:28  Drone x5  
  151  8:30  Zergling x10  
  151  8:31  Extractor  
  151  8:33  Extractor  
  159  8:38  Lurker Den, Pneumatized Carapace, Hydralisk  
  159  8:39  Zergling x2  
  159  8:40  Zergling x10  
  166  8:46  Hydralisk  
  166  8:47  Zergling x4  
  165  8:49  Hydralisk  
  165  8:52  Overlord  
  167  8:55  Hydralisk x2  
  167  9:00  Overlord  
  167  9:01  Hydralisk x2  
  167  9:02  Zergling x4  
  162  9:05  Hydralisk  
  162  9:06  Zergling x6  
  162  9:08  Overseer  
  158  9:10  Hydralisk  
  158  9:11  Zergling x6  
  158  9:16  Zergling x4, Zerg Ground Armor Level 2  
  165  9:32  Hatchery  
  164  9:42  Seismic Spines  
  155  9:47  Hydralisk  
  155  9:48  Zergling x24  
  155  9:51  Hydralisk x3  
  155  9:52  Zergling x8  
  159  9:54  Overseer  
  159  9:59  Hydralisk  
  157  10:00  Hydralisk, Zergling x6  
  157  10:05  Overlord x4  
  161  10:13  Hydralisk  
  161  10:14  Zergling x2  
  160  10:16  Overseer  
  160  10:21  Nydus Network, Lurker  
  159  10:26  Lurker x3  
  159  10:27  Hydralisk x4  
  171  10:32  Nydus Network, Lurker  
  171  10:34  Zergling x2  
  171  10:35  Zergling x18  
  180  10:36  Hydralisk  
  180  10:39  Adaptive Talons, Hydralisk x2  
  180  10:46  Hydralisk x4  
  180  10:49  Zergling x8  
  175  11:03  Hydralisk x7  
  183  11:07  Hydralisk x2  
  183  11:08  Zergling x2  
  190  11:14  Overlord  
  190  11:18  Overlord  
  190  11:23  Overlord  
  190  11:26  Nydus Canal, Overseer  
  190  11:33  Lurker x4  
  190  11:38  Lurker  
  195  11:43  Overseer  
  195  11:50  Spore Crawler  
  190  11:56  Lurker x4  
  194  12:02  Nydus Canal  
  194  12:11  Adrenal Glands  
  184  12:16  Hydralisk x3  
  184  12:18  Nydus Canal  
  184  12:19  Zergling x18  
  184  12:20  Zergling x6  
  194  12:24  Zergling x12  
  190  12:32  Lurker x3  
  176  12:37  Drone x7  
  176  12:43  Lurker x2  
  184  12:44  Hydralisk  
  184  12:45  Hydralisk, Zergling x6  
  184  12:46  Zergling x4  
  184  12:48  Overlord  
  178  13:00  Lurker x5  
  178  13:02  Extractor  
  178  13:04  Extractor  
  175  13:11  Nydus Canal  
  169  13:13  Overseer, Hydralisk x3, Hatchery  
  169  13:14  Zergling x10  
  169  13:15  Hydralisk, Zergling x2  
  169  13:16  Zergling x16  
  169  13:17  Hydralisk  
  169  13:18  Zergling x6  
  184  13:21  Queen  
  183  13:30  Nydus Canal  
  182  13:35  Hydralisk x6  
  182  13:36  Zergling x10  
  183  13:44  Lurker  
  183  13:46  Hydralisk x3  
  190  13:49  Nydus Canal  
  190  13:50  Zergling x4  
  190  13:51  Zergling x4  
  190  13:53  Hydralisk  
  196  13:57  Hydralisk, Zergling x2  
  196  14:00  Hydralisk  
  196  14:01  Zergling x2  
  199  14:03  Hydralisk  
  185  14:10  Hydralisk x2, Zergling x2  
  185  14:12  Hydralisk  
  185  14:14  Hydralisk  
  177  14:19  Hydralisk x3  
  177  14:22  Zergling x2  
  177  14:24  Lurker  
  172  14:26  Zergling x2  
  172  14:29  Zergling x2  
  172  14:31  Lurker x2, Zergling x2  
  173  14:32  Zergling x2, Nydus Canal  
  173  14:33  Zergling x2  
  173  14:35  Zergling x2  
  173  14:36  Overseer  
  171  14:39  Queen  
  171  14:43  Hydralisk  
  171  14:44  Zergling x6  
  163  14:46  Hydralisk  
  163  14:50  Hydralisk  
  163  14:51  Hydralisk x2  
  158  14:55  Hydralisk x3  
  158  14:57  Lurker x2  
  158  14:58  Hydralisk, Zergling x2  
  159  15:02  Lurker, Hydralisk  
  159  15:03  Zergling x4  
  159  15:06  Queen  
  166  15:07  Hydralisk x2, Zergling x4  
  166  15:08  Zergling x6  
  166  15:11  Lurker  
  166  15:13  Nydus Canal  
  176  15:18  Lurker  
  175  15:24  Hydralisk x4  
  175  15:25  Zergling x6  
  175  15:28  Hydralisk  
  181  15:29  Zergling x10  
  181  15:30  Zergling x2  
  181  15:35  Hydralisk  
  182  15:36  Zergling x6  
  182  15:39  Hydralisk x2  
  182  15:40  Zergling x2  
  173  15:44  Overseer x2  
  173  15:49  Lurker x3  
  175  15:50  Nydus Canal  
  175  16:00  Overlord  
  175  16:02  Zerg Ground Armor Level 3  
  172  16:04  Zergling x2, Hydralisk  
  172  16:05  Hydralisk x2  
  175  16:16  Zergling x20  
  171  16:21  Zergling x12  
Tags
 
Add a new tag
Caveats
  • Supply blocks, unpowered buildings, or Contaminate may cause inaccurate times.
  • Supply counts are checked every 10 seconds.